 Dungeon Crawl Stone Soup version 0.23.2-1-ga50397a6bc (webtiles) character file.

Game seed: 7191478380675557974

78 MTandi the Conjurer (level 4, -4/24 HPs)
             Began as a Deep Elf Conjurer on May 26, 2019.
             Slain by Sigmund
             ... wielding a +0 scythe
              (9 damage)
             ... on level 2 of the Dungeon.
             The game lasted 00:12:52 (2057 turns).

MTandi the Conjurer (Deep Elf Conjurer)             Turns: 2057, Time: 00:12:52

Health: -4/24      AC:  2    Str:  5    XL:     4   Next: 15%
Magic:  6/10       EV: 13    Int: 21    God:
Gold:   75         SH:  0    Dex: 15    Spells: 2/9 levels left

rFire    . . .     SeeInvis .   f - +0 short sword
rCold    . . .     Gourm    .   (no shield)
rNeg     . . .     Faith    .   a - +0 robe
rPois    .         Spirit   .   (no helmet)
rElec    .         Reflect  .   (no cloak)
rCorr    .         Harm     .   (no gloves)
MR       .....                  (no boots)
Stlth    +.........             (no amulet)
HPRegen  0.08/turn              (no ring)
MPRegen  0.12/turn              (no ring)

@: confused, very slightly contaminated
A: no striking features
a: no special abilities


You were on level 2 of the Dungeon.
You were not hungry.

You visited 1 branch of the dungeon, and saw 2 of its levels.

You collected 75 gold pieces.

Inventory:

Hand Weapons
 f - a +0 short sword (weapon)
Armour
 a - a +0 robe (worn)
 k - a +0 robe
Scrolls
 d - 2 scrolls of remove curse {unknown}
 e - 2 scrolls of magic mapping {unknown}
 i - a scroll of enchant armour {unknown}
 l - a scroll of teleportation {unknown}
 n - a scroll of blinking {unknown}
Potions
 b - a potion of haste {unknown}
 g - a potion of agility {unknown}
 h - a potion of might {unknown}
 j - a potion of degeneration {unknown}
 m - a potion of berserk rage {unknown}
 p - 2 potions of cancellation {unknown}
Comestibles
 c - 3 rations
 o - a chunk of flesh


   Skills:
 - Level 2.4 Dodging
 - Level 2.4 Stealth
 - Level 3.0 Spellcasting
 + Level 6.3 Conjurations


You had 2 spell levels left.
You knew the following spells:

 Your Spells              Type           Power        Failure   Level  Hunger
a - Magic Dart            Conj           ####         1%          1    None
b - Searing Ray           Conj           ####..       1%          2    ##.....
c - Iskenderun's Mystic   Conj           ####....     10%         4    ####...

Your spell library contained the following spells:

 Spells                   Type           Power        Failure   Level  Hunger
 Dazzling Spray           Conj/Hex       ###...       11%         3    ###....
 Force Lance              Conj/Tloc      ###.....     36%         4    ####...
 Fulminant Prism          Conj/Hex       ###.......   36%         4    ####...


Dungeon Overview and Level Annotations

Branches:
Dungeon (2/15)

Altars:
Sif Muna

Annotations:
D:2 Sigmund


Message History

You are confused.
You bump into the rock wall.
Sigmund casts a spell at you.
You are more confused.
You're too confused to move!
Sigmund casts a spell at you. The puff of flame hits you!
* * * LOW HITPOINT WARNING * * *
Sigmund points at you and mumbles some strange words.
You are more confused.
You bump into the rock wall.
You're too confused to move!
Sigmund points at you and mumbles some strange words.
You resist with some effort.
You bump into the rock wall.
You're too confused to move!
Sigmund barely misses you.
You bump into the rock wall.
You bump into the rock wall.
Sigmund hits you from afar with a +0 scythe!
You die...

.....# #..##...............#
....#####..................#
##........).##............##
..@########.####.####.##### #
.#...# #.####.# #..# ### .###.#
#....#.## ##.# ####.. .###.###
####....## #.# ##....#
..##...########.#..###.####......
)..###........@.@................
....###########.##.###.#..<......
#..).........##.##.).............
#...########.##..................
#................#.......#######.
.............###.#.......# #.
....#....................# #.
....#........###..####.### #.
#...#..........##....#...# #)


You could see Sigmund.

Vanquished Creatures
  3 adders (D:2)
  2 worms (D:2)
  2 dart slugs (D:2)
  3 giant cockroaches (D:1)
  9 goblins
  4 hobgoblins
  3 jackals (D:1)
  A quokka (D:2)
  A ball python (D:2)
  4 bats
  A frilled lizard (D:2)
  5 kobolds
  3 rats (D:1)
41 creatures vanquished.

Notes
Turn   | Place    | Note
-------+----------+-------------------------------------------
     0 | D:1      | MTandi the Deep Elf Conjurer began the quest for the Orb.
     0 | D:1      | Reached XP level 1. HP: 10/10 MP: 6/6
   541 | D:1      | Reached XP level 2. HP: 15/15 MP: 6/8
   574 | D:1      | Learned a level 2 spell: Searing Ray
   671 | D:1      | Reached skill level 5 in Conjurations
  1204 | D:2      | Reached XP level 3. HP: 19/19 MP: 5/9
  1620 | D:2      | Noticed Sigmund
  1637 | D:2      | Reached skill level 6 in Conjurations
  1728 | D:2      | Reached XP level 4. HP: 24/24 MP: 3/10
  1753 | D:2      | Learned a level 4 spell: Iskenderun's Mystic Blast
  1784 | D:2      | Found a deep blue altar of Sif Muna.
  2057 | D:2      | Slain by Sigmund

Skill      XL: |  1  2  3 |
---------------+----------+-----
Conjurations   | 5 6 |  6.3
Dodging        | |  2.4
Stealth        | |  2.4
Spellcasting   | |  3.0

Action                   |  1- 3 |  4- 6 || total
-------------------------+-------+-------++-------
Melee: Short sword       |    13 |       ||    13
 Cast: Magic Dart        |    75 |    14 ||    89
       Searing Ray       |     3 |       ||     3
       Iskenderun's Myst |       |     2 ||     2
  Eat: Chunk             |     2 |     2 ||     4
Armor: Robe              |     3 |       ||     3
Dodge: Dodged            |    17 |     2 ||    19
